 Dungeon Crawl Stone Soup version 0.29.0-11-gd7f09526c8 (webtiles) character file.

Game seed: 13004766555863832479

195 Strat the Chopper (level 6, -4/53 HPs)
             Began as a Meteoran Berserker on Sept 4, 2022.
             Was a Believer of Trog.
             Slain by a wyvern (11 damage)
             ... on level 4 of the Dungeon.
             The game lasted 00:03:34 (758 turns).

Strat the Chopper (Meteoran Berserker)               Turns: 758, Time: 00:03:34

Health: -4/53      AC:  9    Str: 21    XL:     6   Next: 25%
Magic:  7/7        EV:  8    Int:  8    God:    Trog [**....]
Gold:   51         SH:  0    Dex: 14    Spells: 5/5 levels left

rFire   . . .      SeeInvis .   a - +0 hand axe
rCold   . . .      Faith    .   (no shield)
rNeg    . . .      Spirit   .   j - +0 chain mail
rPois   .          Reflect  .   (no helmet)
rElec   .          Harm     .   (no cloak)
rCorr   .          Rampage  .   (no gloves)
Will    .....                   (no boots)
Stlth   ..........              (no amulet)
HPRegen 0.17/turn               (no ring)
MPRegen 0.10/turn               (no ring)

@: glowing
A: sense surroundings 1, otherworldly, glowing, explore regen
a: Renounce Religion, Berserk, Trog's Hand


You were on level 4 of the Dungeon.
You worshipped Trog.
Trog was pleased with you.
You visited 1 branch of the dungeon, and saw 4 of its levels.

You collected 51 gold pieces.

Inventory:

Hand Weapons
 a - a +0 hand axe (weapon)
 g - a +0 mace
Missiles
 f - 8 poisoned darts (quivered)
Armour
 b - a +0 animal skin
 h - a +1 ring mail
 j - a +0 chain mail (worn)
Jewellery
 c - a ring of ice
 i - an amulet of magic regeneration
Potions
 e - a potion of brilliance
 k - a potion of curing


   Skills:
 + Level 4.3 Fighting
 * Level 6.0 Axes
 + Level 4.0 Armour
 - Level 2.4 Dodging


You had 5 spell levels left.
You didn't know any spells.
Your spell library was empty.

Dungeon Overview and Level Annotations

Branches:
Dungeon (4/15) Zot: 1631
 Temple: D:4-7

Altars:

Shops:
D:2 (


Innate Abilities, Weirdness & Mutations

You passively map a small area around you.
You are easily found by Zot.
You glow in the dark.
You regain HP and MP as you explore.


Message History

Trog accepts your kill.
You hit the adder.
The adder is heavily wounded.
The adder closely misses you. The adder barely misses you.
You miss the adder.
The adder is heavily wounded.
The adder bites you but does no damage.
You miss the adder.
The adder is heavily wounded.
The adder bites you but does no damage.
You hit the adder.
You kill the adder!
Trog accepts your kill.
Your Axes skill increases to level 6!
Your Armour skill increases to level 4!
Things that are here:
a +0 club; a +0 ring mail; an adder corpse A wyvern comes into view.
The wyvern hisses angrily.
The wyvern bites you.
Okay, then.
As you read the scroll of identify, it crumbles to dust.
k - a potion of curing The wyvern bites you!
* * * LOW HITPOINT WARNING * * *
You closely miss the wyvern.
The wyvern bites you but does no damage.
The wyvern bites you.
* * * LOW HITPOINT WARNING * * *
You hit the wyvern but do no damage. The wyvern closely misses you.
You barely miss the wyvern. The wyvern bites you!
* * * LOW HITPOINT WARNING * * *
The wyvern barely misses you.
You barely miss the wyvern. The wyvern barely misses you.
Unknown command.
You hit the wyvern.
The wyvern is lightly wounded.
The wyvern bites you!
* * * LOW HITPOINT WARNING * * *
The wyvern bites you!
You die...

, , #* , , * *
*.## # * * *#..
, , .# * * ...
, * .. #.#**
##≈# * *#
*#.####~.≈#>
#.##.#.....≈#.#
,
#......@..~≈..#
, *
####.#l#...≈###
#o# #.#.##..≈#
#o# #.#.# ##≈#
* #.# #)#.# # *
#.# #.#.# * #.#
###.#.# ,# #.#
#.....# .#
####.# #..####
###.#


You could see a wyvern.

Vanquished Creatures
  2 hounds (D:4)
  Jessica (D:3)
  An orc wizard (D:4)
  3 adders
  A dart slug (D:2)
  8 orcs (D:4)
  2 endoplasms (D:2)
  2 giant cockroaches (D:2)
  3 hobgoblins
  7 jackals
  5 ball pythons
  2 bats
  2 frilled lizards
  5 goblins
  2 kobolds
  4 rats
50 creatures vanquished.

Notes
Turn   | Place    | Note
-------+----------+-------------------------------------------
     0 | D:1      | Strat the Meteoran Berserker began the quest for the Orb.
     0 | D:1      | Reached XP level 1. HP: 19/19 MP: 2/2
    36 | D:1      | Reached XP level 2. HP: 26/26 MP: 3/3
    56 | D:1      | Reached skill level 4 in Axes
   151 | D:2      | Reached XP level 3. HP: 21/31 MP: 4/4
   268 | D:2      | Reached ** piety under Trog
   274 | D:2      | Found Libempoypp's Weapon Shop.
   283 | D:2      | Reached XP level 4. HP: 34/40 MP: 5/5
   502 | D:3      | Noticed Jessica
   515 | D:3      | Killed Jessica
   516 | D:3      | Reached skill level 5 in Axes
   582 | D:4      | Reached XP level 5. HP: 35/46 MP: 6/6
   740 | D:4      | Reached XP level 6. HP: 52/53 MP: 7/7
   745 | D:4      | Reached skill level 6 in Axes
   750 | D:4      | Noticed a wyvern
   758 | D:4      | Slain by a wyvern

Illustrated notes

Levels and vault maps discovered:
D:1:      saegor_arrival_simple_b, layout_basic,
          shapermc_ecumenical_altar_ellora, st_stairs_10
D:2:      layout_basic, basic_altar, serial_shops, nicolae_shop_window_shopping,
          feat_on_display
D:3:      layout_basic, amethyst_killhole, uniq_jessica
D:4:      layout_loops_ring, chequers_serial_rivers_micro_e, uniq_menkaure,
          uniq_sigmund

Skill      XL: |  1  2  3  4  5  6 |
---------------+-------------------+-----
Axes           | 4 5 6 |  6.0
Armour         | 3 4 |  4.0
Fighting       | 4 |  4.3
Dodging        | |  2.4

Action                   |  1- 3 |  4- 6 || total
-------------------------+-------+-------++-------
Melee: Hand axe          |    81 |    93 ||   174
       Punch             |     1 |     1 ||     2
  Use: Scroll            |       |     4 ||     4
Armor: Animal skin       |    22 |       ||    22
       Ring mail         |       |    34 ||    34
       Chain mail        |       |    13 ||    13
Dodge: Dodged            |    55 |    38 ||    93
